[ AOE2 MATCH · #507129430 ]
UnrankedByzantines vs Goths
Player's team · WIN
Rival team · LOSS
[ REPLAY ANALYSIS · EXTRACTED FROM THE RECORDED GAME ]
Feudal
9:35
Castle
—
Imperial
—
| APM avg | 41.9 |
| APM peak | 75 |
| eAPM avg | 16.3 |
| Villagers / military | 35 / 17 |
Focus
⚔️ 34.0% · 🌾 66.0%
Archer ×9 · Skirmisher ×6 · Spearman ×2
Feudal
12:11
Castle
18:05
Imperial
—
| APM avg | 44.2 |
| APM peak | 67 |
| eAPM avg | 17.9 |
| Villagers / military | 22 / 6 |
Focus
⚔️ 26.5% · 🌾 73.5%
Militia ×6
Match map
Initial resources + every placement click. Lines = walls · curves = elevation contours. ◆ gold · ⬟ stone · ● berries · ✦ relic · ◌ wall gap
Your base· Open — unwalled flank
[TiRex]haltig's base· Open — 4t gap
Smoothed initial terrain · ◌ = detected wall gap · hover for details
Inputs per minute
— VL Ferdinand - - [TiRex]haltig
Build order — VL Ferdinand
101 actions detected in the replay
| 0:00 | Create | Villager (Male) |
| 0:01 | Create | Villager (Male) |
| 0:01 | Create | Villager (Male) |
| 0:02 | Build | House |
| 0:04 | Build | House |
| 0:25 | Create | Villager (Male) |
| 1:29 | Create | Villager (Male) |
| 1:45 | Create | Villager (Male) |
| 1:55 | Build | Lumber Camp |
| 2:08 | Create | Villager (Male) |
| 2:41 | Create | Villager (Male) |
| 2:57 | Create | Villager (Male) |
| 2:57 | Create | Villager (Male) |
| 3:06 | Build | House |
| 3:15 | Build | House |
| 3:21 | Build | House |
| 3:46 | Create | Villager (Male) |
| 3:46 | Create | Villager (Male) |
| 4:13 | Create | Villager (Male) |
| 4:27 | Build | Mill |
| 4:47 | Create | Villager (Male) |
| 5:10 | Create | Villager (Male) |
| 5:29 | Create | Villager (Male) |
| 5:33 | Create | Villager (Male) |
| 5:34 | Create | Villager (Male) |
| 5:36 | Research | Loom |
| 7:25 | Research | Feudal Age |
| 7:25 | Research | Feudal Age |
| 7:41 | Build | Barracks |
| 8:05 | Build | Palisade Wall |
| 8:11 | Build | House |
| 8:14 | Build | Palisade Wall |
| 8:18 | Build | House |
| 8:22 | Build | House |
| 8:32 | Build | House |
| 8:33 | Build | Palisade Wall |
| 8:40 | Build | Palisade Wall |
| 8:47 | Build | Palisade Wall |
| 9:27 | Build | Farm |
| 9:35 | Age | Feudal Age |
| 9:41 | Build | Archery Range |
| 9:43 | Create | Villager (Male) |
| 9:47 | Create | Spearman |
| 9:47 | Create | Spearman |
| 10:08 | Build | Watch Tower |
| 10:11 | Create | Villager (Male) |
| 10:17 | Create | Villager (Male) |
| 10:19 | Create | Skirmisher |
| 10:42 | Create | Villager (Male) |
| 10:43 | Create | Skirmisher |
| 11:03 | Create | Skirmisher |
| 11:14 | Build | Farm |
| 11:24 | Create | Skirmisher |
| 12:02 | Create | Skirmisher |
| 12:04 | Create | Villager (Male) |
| 12:10 | Build | Mining Camp |
| 12:24 | Create | Villager (Male) |
| 12:41 | Create | Villager (Male) |
| 12:43 | Build | Farm |
| 12:46 | Build | Farm |
| 12:51 | Build | Mill |
| 13:03 | Create | Archer |
| 13:03 | Create | Archer |
| 13:24 | Create | Archer |
| 13:30 | Build | Blacksmith |
| 13:53 | Create | Villager (Male) |
| 13:53 | Create | Villager (Male) |
| 13:57 | Build | House |
| 14:00 | Build | House |
| 14:16 | Research | Fletching |
| 14:20 | Create | Skirmisher |
| 14:21 | Create | Archer |
| 14:30 | Build | Palisade Wall |
| 14:31 | Build | Palisade Wall |
| 14:45 | Create | Villager (Male) |
| 14:52 | Create | Villager (Male) |
| 14:55 | Build | Palisade Wall |
| 15:03 | Build | Palisade Wall |
| 15:05 | Build | Palisade Wall |
| 15:11 | Create | Archer |
| 15:30 | Create | Villager (Male) |
| 15:39 | Build | Palisade Wall |
| 15:41 | Build | Palisade Wall |
| 15:47 | Create | Villager (Male) |
| 15:54 | Build | Farm |
| 15:57 | Build | Farm |
| 16:03 | Build | Farm |
| 16:14 | Build | Farm |
| 16:16 | Create | Villager (Male) |
| 16:18 | Create | Archer |
| 16:18 | Create | Archer |
| 16:41 | Build | House |
| 16:43 | Build | House |
| 16:47 | Research | Padded Archer Armor |
| 16:55 | Create | Archer |
| 17:02 | Build | House |
| 17:03 | Build | House |
| 17:42 | Create | Villager (Male) |
| 17:44 | Create | Archer |
| 18:05 | Create | Villager (Male) |
| 18:05 | Create | Villager (Male) |
Build order — [TiRex]haltig
66 actions detected in the replay
| 0:00 | Create | Villager (Male) |
| 0:00 | Create | Villager (Male) |
| 0:01 | Create | Villager (Male) |
| 0:01 | Create | Villager (Male) |
| 0:02 | Build | House |
| 0:04 | Build | House |
| 1:28 | Create | Villager (Male) |
| 1:46 | Build | Lumber Camp |
| 2:00 | Create | Villager (Male) |
| 2:15 | Create | Villager (Male) |
| 2:26 | Build | House |
| 2:42 | Create | Villager (Male) |
| 3:16 | Create | Villager (Male) |
| 3:39 | Create | Villager (Male) |
| 3:56 | Create | Villager (Male) |
| 4:30 | Create | Villager (Male) |
| 4:30 | Create | Villager (Male) |
| 4:51 | Build | Barracks |
| 5:14 | Create | Villager (Male) |
| 5:14 | Create | Villager (Male) |
| 5:41 | Build | House |
| 5:45 | Build | House |
| 5:49 | Create | Militia |
| 6:14 | Create | Militia |
| 6:15 | Create | Villager (Male) |
| 6:35 | Create | Militia |
| 6:40 | Create | Villager (Male) |
| 6:49 | Build | Palisade Wall |
| 6:54 | Create | Villager (Male) |
| 7:01 | Create | Militia |
| 7:08 | Build | Mill |
| 7:19 | Create | Villager (Male) |
| 7:28 | Create | Militia |
| 7:52 | Create | Villager (Male) |
| 7:59 | Build | House |
| 8:41 | Create | Villager (Male) |
| 9:57 | Create | Villager (Male) |
| 10:01 | Research | Feudal Age |
| 10:15 | Build | Mining Camp |
| 10:21 | Build | Farm |
| 10:44 | Build | Farm |
| 11:28 | Build | House |
| 11:38 | Build | House |
| 11:41 | Build | Palisade Wall |
| 12:11 | Age | Feudal Age |
| 12:22 | Build | Archery Range |
| 12:25 | Build | Palisade Wall |
| 12:30 | Build | House |
| 13:22 | Build | Market |
| 14:54 | Build | Farm |
| 15:00 | Build | Lumber Camp |
| 15:25 | Research | Castle Age |
| 15:32 | Build | House |
| 15:59 | Build | Farm |
| 16:02 | Build | Farm |
| 16:14 | Build | House |
| 16:19 | Build | House |
| 16:21 | Build | House |
| 16:44 | Build | Farm |
| 16:54 | Build | Palisade Wall |
| 16:58 | Build | Farm |
| 17:18 | Research | Man-at-Arms (upgrade) |
| 17:45 | Build | Farm |
| 17:56 | Build | House |
| 18:04 | Create | Militia |
| 18:05 | Age | Castle Age |
Match timeline
| 4:51 | [TiRex]haltig · first_building Barracks |
| 6:49 | [TiRex]haltig · wall_segment Palisade Wall x1 |
| 7:41 | VL Ferdinand · first_building Barracks |
| 8:05 | VL Ferdinand · wall_segment Palisade Wall x1 |
| 8:14 | VL Ferdinand · wall_segment Palisade Wall x1 |
| 8:33 | VL Ferdinand · wall_segment Palisade Wall x2 |
| 8:40 | VL Ferdinand · wall_segment Palisade Wall x1 |
| 8:47 | VL Ferdinand · wall_segment Palisade Wall x1 |
| 9:35 | VL Ferdinand · age_up feudal |
| 9:41 | VL Ferdinand · first_building Archery Range |
| 11:41 | [TiRex]haltig · wall_segment Palisade Wall x5 |
| 12:11 | [TiRex]haltig · age_up feudal |
| 12:22 | [TiRex]haltig · first_building Archery Range |
| 12:25 | [TiRex]haltig · wall_segment Palisade Wall x1 |
| 14:04 | [TiRex]haltig · first_market_sell 100 stone |
| 14:05 | [TiRex]haltig · first_market_buy 100 stone |
| 14:30 | VL Ferdinand · wall_segment Palisade Wall x7 |
| 14:31 | VL Ferdinand · wall_segment Palisade Wall x4 |
| 14:55 | VL Ferdinand · wall_segment Palisade Wall x5 |
| 15:03 | VL Ferdinand · wall_segment Palisade Wall x5 |
| 15:05 | VL Ferdinand · wall_segment Palisade Wall x20 |
| 15:39 | VL Ferdinand · wall_segment Palisade Wall x16 |
| 15:41 | VL Ferdinand · wall_segment Palisade Wall x6 |
| 16:54 | [TiRex]haltig · wall_segment Palisade Wall x6 |
| 18:05 | [TiRex]haltig · age_up castle |
| 18:15 | [TiRex]haltig · resign |
[ AI ANALYSIS · 1 CREDIT ]
What really happened in this match?
Wolo.gg analyzes every decision: build order, eco, micro, common mistakes by bracket. Personalized analysis on WhatsApp or Discord in 30 seconds.
Civ guide
Byzantines
Perfil
Jugador #20957589